Map: Templo óseo EE

Players

MrFercho - Winner!

  • Race: Zerg Zerg
  • League: Silver
  • Spawn Location: 7:00

tigro - Winner!

  • Race: Terran Terran
  • League: Bronze
  • Spawn Location: 7:00

TATORREA - Winner!

  • Race: Protoss Protoss
  • League: Gold
  • Spawn Location: 6:00

SIMPSON

  • Race: Protoss Protoss
  • League: Gold
  • Spawn Location: 3:00

Ace

  • Race: Protoss Protoss
  • League: Silver
  • Spawn Location: 12:00

BeachChicken

  • Race: Zerg Zerg
  • League: Silver
  • Spawn Location: 1:00

VOD

Have the link to the VOD?

Description

Time

  • Played on: July 15, 2020, 11:08 p.m.
  • Length: 11:47
Show
View Real Time Build Order
Export as new Build Order

MrFercho Zerg - Winner!

Build Orders: Hatch First 

Get SALT Encoding   

  12  0:01  Drone  
  13  0:13  Overlord  
  13  0:17  Drone  
  14  0:31  Drone  
  14  0:32  Drone  
  16  0:39  Drone  
  17  0:54  Hatchery  
  17  0:56  Drone  
  17  1:00  Drone  
  18  1:10  Extractor  
  17  1:16  Spawning Pool  
  17  1:17  Drone  
  17  1:23  Drone  
  18  1:29  Drone  
  19  1:39  Drone  
  20  1:54  Overlord  
  20  2:09  Queen x2  
  20  2:11  Zergling x2  
  20  2:12  Zergling x2  
  26  2:18  Drone x2  
  26  2:22  Drone  
  29  2:25  Metabolic Boost  
  29  2:35  Zergling x2  
  29  2:36  Drone  
  31  2:38  Drone  
  32  2:54  Lair  
  32  3:03  Drone  
  32  3:04  Drone x3  
  36  3:14  Overlord x2  
  36  3:32  Queen  
  38  3:34  Baneling Nest, Drone  
  38  3:36  Drone x5  
  44  3:48  Zergling x8  
  47  4:04  Zergling x8  
  51  4:15  Drone  
  52  4:18  Centrifical Hooks  
  52  4:25  Overlord x5  
  52  4:34  Hatchery  
  51  4:43  Zergling x10  
  56  4:52  Zergling x4  
  58  5:00  Overseer  
  58  5:12  Drone  
  59  5:14  Overlord x2  
  59  5:15  Overlord  
  59  5:16  Zergling x10  
  64  5:24  Zergling x2, Evolution Chamber  
  64  5:27  Drone  
  65  5:32  Baneling x7  
  65  6:07  Zergling x24  
  65  6:08  Zergling x6  
  80  6:14  Zerg Melee Weapons Level 1  
  80  6:15  Zergling x2  
  75  6:58  Zergling x2  
  75  6:59  Zergling x20  
  74  7:16  Zergling x2  
  74  7:17  Zergling x4  
  73  7:34  Zergling x2  
  73  7:35  Zergling x10  
  66  7:45  Zergling x2  
  66  7:46  Zergling x18  
  67  7:54  Zergling x6  
  62  8:08  Zergling x2  
  62  8:09  Zergling x12  
  67  8:30  Zergling x2  
  67  8:31  Zergling x14  
  72  8:40  Baneling x15  
  72  8:41  Baneling x2  
  72  8:42  Zergling x10  
  72  8:43  Zergling x2  
  78  8:55  Hatchery  
  65  9:04  Extractor  
  55  9:25  Zergling x22  
  66  9:37  Zergling x14  
  73  9:39  Zergling x6  
  73  10:06  Zergling x16  
  69  10:33  Zergling x16  
  69  10:34  Zergling x8  
  78  10:42  Zergling x18  
  84  11:13  Zergling x8  
  84  11:14  Zergling x22  
Show
View Real Time Build Order
Export as new Build Order

tigro Terran - Winner!

Build Orders:  

Get SALT Encoding   

  12  0:04  SCV  
  13  0:16  SCV  
  14  0:29  SCV  
  14  0:34  Supply Depot  
  15  0:36  Refinery  
  15  0:55  SCV  
  16  0:57  Supply Depot  
  16  1:05  Barracks  
  16  1:07  SCV  
  17  1:20  SCV  
  17  1:22  Refinery  
  18  1:32  SCV  
  19  1:44  SCV  
  20  1:49  Engineering Bay  
  20  1:55  Marine  
  20  1:56  SCV  
  22  2:08  SCV  
  23  2:13  Marine  
  24  2:23  Factory  
  24  2:26  SCV  
  25  2:31  Marine  
  26  2:46  Orbital Command  
  26  2:49  Marine  
  27  3:07  Marine  
  28  3:16  Factory Tech Lab  
  28  3:18  Command Center  
  28  3:28  Barracks Tech Lab  
  28  3:37  Missile Turret  
  28  3:59  Starport  
  28  4:03  Starport  
  28  4:10  Combat Shield  
  28  4:14  Terran Infantry Weapons Level 1  
  28  4:21  Siege Tank  
  31  4:31  Refinery  
  31  4:36  Barracks, SCV  
  32  4:40  Starport  
  32  4:48  SCV  
  32  4:52  Medivac  
  35  5:00  SCV  
  36  5:20  Siege Tank  
  39  5:22  Marine  
  40  5:29  Stimpack  
  40  5:34  Barracks Reactor  
  40  5:39  Marine  
  40  5:40  Starport Tech Lab  
  40  5:41  Starport Tech Lab  
  41  5:57  Marine, Refinery  
  41  6:03  Fusion Core  
  42  6:08  Terran Infantry Armor Level 1, SCV  
  43  6:15  Marine  
  44  6:20  SCV  
  45  6:33  Marine, SCV  
  47  6:45  SCV  
  48  6:49  Marine x2  
  48  6:51  Armory, Marine  
  51  6:57  SCV  
  52  7:06  Marine  
  52  7:07  Marine  
  54  7:08  Marine  
  54  7:09  SCV  
  56  7:24  Marine x2  
  56  7:26  Marine  
  59  7:42  Marine x2  
  61  7:44  Marine  
  61  7:45  Supply Depot  
  61  7:48  Terran Vehicle Weapons Level 1  
  62  8:00  Marine  
  62  8:01  Marine  
  62  8:02  Marine, Hi-Sec Auto Tracking  
  58  8:09  Supply Depot  
  52  8:18  Marine  
  52  8:19  Marine  
  54  8:20  Marine  
  55  8:35  Marine  
  55  8:36  Thor  
  55  8:37  Marine  
  55  8:38  Marine  
  64  8:53  Marine  
  64  8:54  Marine  
  66  8:55  Marine  
  66  8:59  Neosteel Armor  
  58  9:11  Marine  
  58  9:12  Marine  
  58  9:13  Marine  
  61  9:29  Marine  
  61  9:30  Marine, Weapon Refit  
  63  9:31  Marine  
  64  9:42  Terran Vehicle And Ship Armor Level 1, SCV  
  65  9:47  Marine  
  65  9:48  Marine  
  65  9:49  Marine  
  68  9:54  SCV  
  66  10:05  Marine  
  66  10:06  Marine  
  66  10:07  Marine  
  63  10:22  Marine  
  63  10:23  Marine  
  63  10:24  Marine  
  66  10:40  Marine  
  66  10:41  Marine  
  66  10:42  Marine  
  68  10:58  Marine  
  68  10:59  Marine  
  68  11:00  Marine  
  71  11:16  Marine  
  71  11:17  Marine  
  71  11:18  Marine  
Show
View Real Time Build Order
Export as new Build Order

TATORREA Protoss - Winner!

Build Orders:  

Get SALT Encoding   

  12  0:01  Probe  
  13  0:13  Probe  
  14  0:25  Pylon, Probe  
  15  0:43  Probe  
  15  0:44  Gateway  
  16  0:56  Probe  
  16  1:01  Assimilator  
  17  1:04  Pylon, Probe  
  18  1:12  Gateway, Probe  
  19  1:20  Probe  
  20  1:37  Probe, Cybernetics Core  
  21  1:43  Assimilator  
  21  1:50  Probe  
  21  1:52  Pylon  
  22  2:02  Probe  
  22  2:08  Gateway  
  23  2:25  Warp Gate  
  23  2:28  Stalker  
  25  2:31  Stalker  
  25  2:33  Pylon  
  27  2:44  Robotics Facility  
  27  2:57  Stalker  
  28  3:01  Stalker  
  30  3:08  Stalker  
  32  3:28  Shield Battery  
  32  3:30  Shield Battery  
  36  3:41  Immortal  
  36  3:51  Probe  
  37  4:15  Nexus  
  37  4:20  Observer  
  38  4:24  Pylon  
  38  4:34  Gateway  
  38  4:38  Probe  
  39  4:45  Sentry  
  39  4:46  Sentry  
  39  4:47  Probe  
  39  4:49  Sentry  
  46  4:55  Probe  
  47  5:07  Twilight Council  
  47  5:15  Pylon  
  47  5:16  Probe  
  48  5:24  Blink  
  48  5:28  Probe x2  
  50  5:40  Probe x2  
  52  5:57  Probe  
  52  5:58  Probe  
  54  6:08  Assimilator  
  54  6:09  Probe  
  54  6:10  Probe  
  56  6:12  Assimilator  
  56  6:13  Stalker x2  
  56  6:14  Stalker  
  56  6:15  Stalker  
  64  6:21  Probe  
  64  6:22  Probe  
  66  6:44  Stalker x4  
  66  6:46  Probe x2  
  76  6:58  Probe x2  
  66  7:10  Probe  
  66  7:11  Probe  
  51  7:27  Stalker x2  
  51  7:28  Stalker x2  
  59  7:33  Immortal  
  59  7:34  Probe x2  
  65  7:52  Nexus  
  65  7:55  Stalker, Pylon  
  65  7:58  Pylon  
  67  8:40  Stalker x3  
  67  8:41  Stalker  
  75  8:48  Probe x2  
  77  9:00  Pylon, Probe x2  
  79  9:03  Pylon  
  79  9:08  Pylon  
  79  9:12  Probe x2  
  79  9:16  Pylon  
  81  9:17  Gateway x2  
  81  9:23  Gateway  
  81  9:24  Probe x2  
  81  9:30  Gateway  
  83  9:36  Probe  
  66  10:13  Probe x3  
  65  10:22  Assimilator  
  65  10:25  Probe x3  
  65  10:26  Stalker x4, Assimilator  
  65  10:27  Stalker x3  
  82  10:31  Gateway  
  82  10:33  Gateway, Immortal  
  84  10:36  Gateway  
  84  10:37  Probe  
  83  10:49  Nexus  
  79  10:52  Pylon  
  79  10:55  Pylon  
  79  11:01  Stalker x2  
  79  11:02  Stalker x3  
Show
View Real Time Build Order
Export as new Build Order

SIMPSON Protoss 

Build Orders:  

Get SALT Encoding   

  12  0:05  Probe  
  13  0:25  Pylon  
  13  0:42  Pylon  
  13  1:05  Forge  
  13  1:21  Pylon  
  13  1:24  Probe  
  13  1:32  Probe  
  15  1:58  Pylon  
  15  2:02  Pylon  
  15  2:20  Photon Cannon  
  15  2:22  Photon Cannon  
  15  2:31  Probe  
  15  2:35  Assimilator  
  15  2:37  Gateway  
  16  2:38  Gateway  
  16  2:39  Gateway, Assimilator, Probe  
  17  2:47  Probe  
  17  2:55  Probe  
  19  3:13  Nexus  
  19  3:20  Probe  
  20  3:28  Probe  
  21  3:37  Probe  
  22  3:42  Assimilator  
  22  3:50  Probe  
  22  3:53  Assimilator  
  23  4:02  Probe  
  24  4:07  Cybernetics Core  
  24  4:14  Probe  
  25  4:26  Probe  
  26  4:38  Probe  
  27  4:58  Warp Gate  
  27  5:00  Probe  
  28  5:08  Probe  
  28  5:11  Protoss Ground Weapons Level 1  
  29  5:14  Probe  
  29  5:17  Probe  
  31  5:22  Adept x3  
  31  5:26  Probe  
  38  5:29  Probe  
  39  5:38  Probe  
  40  5:50  Probe  
  41  6:13  Shield Battery  
  41  6:15  Shield Battery  
  41  6:17  Shield Battery  
  41  6:19  Shield Battery  
  41  6:28  Pylon  
  41  6:45  Photon Cannon  
  41  6:50  Pylon  
  41  6:52  Pylon  
  40  7:03  Adept  
  40  7:04  Adept  
  40  7:05  Adept  
  36  7:48  Adept  
  36  7:49  Adept  
  36  7:50  Adept  
  30  8:20  Adept x2  
  30  8:21  Adept  
  36  8:31  Twilight Council  
  36  8:45  Gateway  
  36  8:47  Gateway  
  36  8:49  Gateway  
  36  8:50  Gateway  
  36  8:59  Probe  
  37  9:06  Pylon  
  37  9:07  Probe  
  37  9:16  Probe  
  38  9:18  Pylon  
  39  9:28  Probe  
  40  9:35  Adept  
  40  9:36  Adept x2  
  37  10:17  Adept  
  37  10:18  Adept x4  
  37  10:19  Adept x2  
Show
View Real Time Build Order
Export as new Build Order

Ace Protoss 

Build Orders: Double Forge 

Get SALT Encoding   

  12  0:15  Probe  
  12  0:17  Pylon  
  13  0:24  Probe  
  14  0:33  Probe  
  14  0:36  Assimilator  
  15  0:46  Probe  
  16  0:59  Probe  
  17  1:11  Probe  
  17  1:12  Gateway  
  18  1:22  Gateway  
  18  1:23  Probe  
  19  1:33  Pylon  
  19  1:35  Probe  
  20  1:47  Probe  
  20  1:50  Pylon  
  20  1:53  Pylon  
  21  2:20  Cybernetics Core  
  21  2:22  Forge  
  21  2:23  Forge  
  21  2:25  Forge  
  21  2:28  Probe  
  21  2:30  Assimilator  
  21  2:36  Probe  
  23  2:55  Probe  
  23  3:03  Probe  
  24  3:12  Nexus  
  25  3:16  Warp Gate  
  25  3:32  Photon Cannon  
  25  3:35  Photon Cannon  
  25  3:43  Photon Cannon  
  25  4:00  Gateway  
  25  4:01  Gateway  
  25  4:10  Pylon  
  25  4:11  Probe  
  26  4:19  Probe  
  27  4:29  Probe  
  28  4:41  Probe  
  29  4:51  Probe  
  29  4:53  Probe  
  29  4:59  Probe  
  31  5:06  Gateway  
  32  5:09  Gateway, Probe  
  32  5:12  Gateway  
  32  5:13  Gateway  
  33  5:16  Gateway  
  33  5:21  Probe  
  34  5:29  Assimilator  
  34  5:33  Assimilator, Probe  
  35  5:45  Probe  
  36  5:57  Probe  
  37  6:09  Probe  
  38  6:14  Zealot x3  
  38  6:15  Zealot x6  
  56  6:29  Probe  
  56  6:37  Probe  
  57  6:44  Zealot x4  
  57  6:45  Zealot x2  
  70  6:59  Probe  
  66  7:11  Probe  
  61  7:17  Zealot x4  
  61  7:18  Zealot  
  67  7:23  Pylon, Probe  
  67  7:28  Pylon  
  67  7:29  Pylon  
  67  7:30  Pylon  
  67  7:32  Pylon  
  67  7:33  Pylon  
  67  7:34  Pylon  
  67  7:49  Twilight Council  
  63  8:20  Probe  
  64  8:29  Probe  
  65  8:38  Probe  
  66  8:50  Probe  
  66  8:55  Nexus  
  59  9:03  Probe  
  59  9:07  Charge  
  58  9:24  Zealot x5  
  38  9:25  Zealot x2  
  44  9:55  Zealot x4  
  44  9:56  Zealot  
Show
View Real Time Build Order
Export as new Build Order

BeachChicken Zerg 

Build Orders: Pool First 

Get SALT Encoding   

  12  0:19  Spawning Pool  
  11  0:29  Drone  
  11  0:30  Drone  
  11  0:32  Drone  
  14  0:36  Extractor  
  14  0:41  Drone  
  14  0:55  Overlord  
  14  0:58  Extractor  
  13  1:09  Drone  
  14  1:25  Hatchery, Drone  
  14  1:38  Drone x2  
  16  1:45  Queen  
  18  1:57  Zergling x4  
  20  2:32  Drone x2  
  22  2:56  Drone x3  
  25  3:11  Hatchery  
  25  3:12  Drone x3  
  27  3:36  Overlord  
  27  3:37  Overlord  
  27  3:51  Queen, Hatchery  
  28  3:56  Drone x2  
  28  3:57  Drone x4  
  34  4:07  Drone x2  
  34  4:08  Drone  
  37  4:16  Drone x3  
  40  4:22  Extractor  
  40  4:24  Extractor  
  38  4:26  Drone x3  
  41  5:00  Drone x8  
  41  5:01  Drone  
  41  5:03  Overlord  
  41  5:05  Lair  
  50  5:15  Drone x4  
  50  5:16  Drone  
  55  5:36  Drone x5  
  55  5:37  Drone x4  
  62  6:24  Extractor  
  62  6:25  Extractor  
  60  6:28  Zergling x2  
  60  6:29  Zergling x4  
  60  6:31  Overlord x3  
  51  7:03  Zergling x6  
  51  7:04  Zergling x12  
  21  7:34  Drone  
  21  7:35  Drone x5  
  25  7:48  Drone x2  
  25  7:49  Drone x4  
  30  7:53  Drone x3  
  32  8:07  Spawning Pool  
  4  8:44  Drone x2  
  4  8:45  Drone x6  
  13  9:00  Hatchery  
  9  9:10  Spawning Pool  
  7  9:25  Drone x2  
  7  9:26  Drone x4  
  13  10:02  Drone x2  
  13  10:03  Drone x4  
  19  10:22  Zergling x6  
  19  10:28  Zergling x6  
Tags
 
Add a new tag
Caveats
  • Supply blocks, unpowered buildings, or Contaminate may cause inaccurate times.
  • Supply counts are checked every 10 seconds.